 Dungeon Crawl Stone Soup version 0.32-a0-768-g0f6f1dd4b9 (webtiles) character file.

Game seed: 14833401348239330953

27 chunkyMonkey the Sneak (level 2, 0/13 HPs)
             Began as a Spriggan Enchanter on Mar 18, 2024.
             Slain by a rat (1 damage)
             ... on level 2 of the Dungeon.
             The game lasted 00:01:53 (1054 turns).

chunkyMonkey the Sneak (Spriggan Enchanter)         Turns: 1054, Time: 00:01:53

Health: 0/13       AC:  2    Str:  4    XL:     2   Next: 93%
Magic:  6/6        EV:  6    Int: 16    God:
Gold:   85         SH:  0    Dex: 15    Spells: 6/6 levels left

rFire   . . .        a - +1 dagger
rCold   . . .        (no shield)
rNeg    . . .        b - +0 robe
rPois   .            (helmet restricted)
rElec   .            (no cloak)
rCorr   .            (gloves unavailable)
SInv    +            (boots unavailable)
Will    .....        (no amulet)
Stlth   +++          (no ring)
HPRegen 0.22/turn    (no ring)
MPRegen 0.10/turn

%: no passive effects
@: constricted, very quick
A: very small, no large weapons, unfitting armour, see invisible, speed 3
a: no special abilities


You were on level 2 of the Dungeon.
You visited 1 branch of the dungeon, and saw 2 of its levels.

You collected 85 gold pieces.

Inventory:

Hand Weapons
 a - a +1 dagger (weapon)
Armour
 b - a +0 robe (worn)
Scrolls
 e - 2 scrolls of identify {unknown}
 g - a scroll of enchant armour {unknown}
 h - a scroll of vulnerability {unknown}
 i - a scroll of noise {unknown}
Potions
 c - 2 potions of invisibility
 d - a potion of attraction {unknown}
 f - a potion of brilliance {unknown}
 j - a potion of curing {unknown}


   Skills:
 + Level 0.3 Fighting
 * Level 1.6(1.7) Short Blades
 + Level 0.3(0.8) Long Blades
 + Level 0.2 Armour
 * Level 3.1 Dodging
 + Level 4.6 Stealth
 + Level 2.9 Spellcasting
 + Level 3.9 Hexes


You had 6 spell levels left.
You didn't know any spells.
Your spell library contained the following spells:

 Spells                   Type           Power      Damage    Failure   Level
 Confusing Touch          Hex            14%        N/A       12%         3
 Tukima's Dance           Hex            14%        N/A       12%         3
 Ensorcelled Hibernation  Hex/Ice        16%        N/A       13%         2
 Dazzling Flash           Conj/Hex       16%        N/A       26%         3
 Summon Ice Beast         Ice/Summ       2%         N/A       50%         3
 Summon Mana Viper        Hex/Summ       8%         N/A       93%         5
 Malign Gateway           Summ/Tloc      1%         N/A       100%        7
 Monstrous Menagerie      Summ           1%         N/A       100%        7
 Summon Horrible Things   Summ           1%         N/A       100%        8


Dungeon Overview and Level Annotations

Branches:
Dungeon (2/15)

Altars:


Innate Abilities, Weirdness & Mutations

You are very small and have problems with some larger weapons.
You are too small for most types of armour.
You have supernaturally acute eyesight. (SInv)
You cover ground extremely quickly. (Speed+++)


Message History

A goblin comes into view. It is wielding a +0 dagger.
The goblin shouts!
A rat comes into view.
You barely miss the goblin. The goblin closely misses you.
You closely miss the goblin. The goblin closely misses you.
You hit the goblin.
The goblin is severely wounded.
The goblin barely misses you.
You hit the goblin but do no damage.
The goblin is severely wounded.
You hit the goblin.
You kill the goblin!
The ball python closely misses you. The ball python barely misses you.
You closely miss the ball python. The rat completely misses you.
The ball python bites you. The ball python grabs you.
The ball python constricts you.
You barely miss the ball python. The rat barely misses you.
The ball python bites you. The ball python constricts you.
You hit the ball python.
The ball python is severely wounded.
The rat barely misses you.
The ball python bites you but does no damage.
The ball python constricts you.
You hit the rat.
The rat is moderately wounded.
The rat bites you.
* * * LOW HITPOINT WARNING * * *
The ball python barely misses you. The ball python constricts you.
* * * LOW HITPOINT WARNING * * *
The ball python's grasp on you weakens, but your attempt to escape fails.
The rat barely misses you.
The ball python bites you but does no damage.
The ball python constricts you.
Unknown command.
The ball python's grasp on you weakens, but your attempt to escape fails.
The ball python bites you but does no damage.
The ball python constricts you.
* * * LOW HITPOINT WARNING * * *
The rat bites you.
You die...

#..# # #...
#.#... .#..###
#.# ..... #.#
.g. #.# #S# #
#.# #@#.##..#
#.####.r.....#
#.##...#.....#
#.#..#.#######
#.#(##.#
#.#.##.#
#...##..
##..##### ##
#####....#


You could see a goblin, a ball python and a rat.

Vanquished Creatures
  A dart slug (D:1)
  A ribbon worm (D:2)
  A ball python (D:1)
  A bat (D:1)
  5 endoplasms
  4 goblins
  3 kobolds
  A frilled lizard (D:1)
  4 rats (D:1)
21 creatures vanquished.

Notes
Turn   | Place    | Note
-------+----------+-------------------------------------------
     0 | D:1      | chunkyMonkey the Spriggan Enchanter began the quest for the
                  | Orb.
     0 | D:1      | Reached XP level 1. HP: 9/9 MP: 5/5
   209 | D:1      | Found a faded altar of an unknown god.
   425 | D:1      | Reached XP level 2. HP: 13/13 MP: 6/6
  1054 | D:2      | Slain by a rat

Illustrated notes

Levels and vault maps discovered:
D:1:      minmay_arrival_four_circles, layout_basic,
          ebering_ecumenical_altar_webs, solitary_fountain, minmay_vboxes
D:2:      layout_basic, nicolae_underground_beach, uniq_crazy_yiuf_cottage

Skill      XL: |  1  2 |
---------------+-------+-----
Dodging        | 3 |  3.1
Fighting       | |  0.3
Short Blades   | |  1.6
Long Blades    | |  0.3
Armour         | |  0.2
Stealth        | |  4.6
Spellcasting   | |  2.9
Hexes          | |  3.9

Action                     || total
---------------------------++-------
  Melee: Dagger            ||    66
   Stab: Sleeping          ||     8
 Armour: Robe              ||    29
  Dodge: Dodged            ||    38

Table legend: (Time is in decaauts)
 A = Elapsed time spent in this place.
 B = Non-inter-level travel time spent in this place.
 C = Inter-level travel time spent in this place.
 D = Time resting spent in this place.
 E = Time spent auto-exploring this place.
 F = Levels seen in this place.
 G = Mean time per level.
                   A        B        C        D        E       F      G
               +--------+--------+--------+--------+--------+-----+--------+
         Total |    780 |    772 |      8 |    264 |    339 |   2 |  390.0 |
       Dungeon |    780 |    772 |      8 |    264 |    339 |   2 |  390.0 |
               +--------+--------+--------+--------+--------+-----+--------+

Top non-repeatable levels by time:
     D:1: 685 daAuts
     D:2: 95 daAuts
